 Dungeon Crawl Stone Soup version 0.31.0-12-g77e489cdc1 (webtiles) character file.

Game seed: 1705722883548312009

4 sheepcloth the Caller (level 1, -3/15 HPs)
             Began as a Demonspawn Wanderer on Feb 14, 2024.
             Slain by a gnoll
             ... wielding a +0 club
              (5 damage)
             ... on level 1 of the Dungeon.
             The game lasted 00:06:05 (184 turns).

sheepcloth the Caller (Demonspawn Wanderer)          Turns: 184, Time: 00:06:06

Health: -3/15      AC:  7    Str: 16    XL:     1   Next: 58%
Magic:  1/2        EV:  9    Int: 12    God:
Gold:   0          SH:  0    Dex:  8    Spells: 1/2 levels left

rFire   . . .        a - +0 spear
rCold   + . .        (no shield)
rNeg    . . .        b - +0 scale mail
rPois   .            (helmet currently unavailable)
rElec   .            (cloak currently unavailable)
rCorr   .            (gloves currently unavailable)
SInv    .            (boots currently unavailable)
Will    .....        (no amulet) Stlth
                     (no ring)
HPRegen 0.22/turn    (no ring)
MPRegen 0.08/turn

%: no passive effects
@: beast-form
A: beast (slay +0), cold resistance 1, screaming 1, shaggy fur 1
a: Begin Untransformation


You were on level 1 of the Dungeon.
You were a hulking beast.
You visited 1 branch of the dungeon, and saw 1 of its levels.

Inventory:

Hand Weapons
 a - a +0 spear (weapon)
Armour
 b - a +0 scale mail (worn)
Talismans
 f - a beast talisman (active)
Scrolls
 g - a scroll of immolation
Potions
 c - a potion of might
 e - a potion of degeneration {unknown}


   Skills:
 - Level 1.0 Fighting
 + Level 0.3(1.1) Axes
 - Level 1.8 Polearms
 - Level 1.0 Armour
 - Level 1.8 Stealth
 - Level 1.0 Spellcasting
 - Level 3.1 Summonings


You had one spell level left.
You knew the following spells:

 Your Spells              Type           Power      Damage    Failure   Level
a - Summon Small Mammal   Summ           32%        N/A       30%         1

Your spell library contained the following spells:

 Spells                   Type           Power      Damage    Failure   Level
 Animate Armour           Summ/Erth      8%         N/A       99%         4
 Summon Lightning Spire   Summ/Air       4%         N/A       99%         4


Dungeon Overview and Level Annotations

Branches:
Dungeon (1/15)

Altars:


Innate Abilities, Weirdness & Mutations

You are a hulking beast.
Your limbs bulge with bestial killing power. (Slay +0)
Your flesh is cold resistant. (rC+)
You occasionally shout uncontrollably at your foes.
You are covered in fur. (AC +1)


Message History

Casting: Summon Small Mammal (safe; 30% risk of failure)
Confirm with . or Enter, or press ? or * to list all spells.
You don't know that spell.
Casting: Summon Small Mammal (safe; 30% risk of failure)
Confirm with . or Enter, or press ? or * to list all spells.
Okay, then.
The gnoll hits you with a +0 club.
There are no items here.
A gnoll is nearby!
The gnoll hits you with a +0 club.
There are monsters nearby!
Your bat misses the gnoll. The gnoll hits you with a +0 club.
You begin transforming.
You continue transforming.
Your bat barely misses the goblin.
The gnoll hits you but does no damage.
You continue transforming.
The goblin barely misses you.
Your bat hits the goblin. The gnoll closely misses you.
You continue transforming.
The goblin hits you but does no damage. The gnoll closely misses you.
You turn into a hulking beast.
You closely miss the gnoll.
The gnoll is moderately wounded.
Your bat barely misses the goblin.
The goblin hits you but does no damage. The gnoll hits you with a +0 club.
You closely miss the gnoll.
The gnoll is moderately wounded.
Your bat misses the goblin. The goblin barely misses you.
The gnoll hits you with a +0 club.
* * * LOW HITPOINT WARNING * * *
Okay, then.
As you read the scroll labelled EGUIDGHOYGE, it crumbles to dust.
The creatures around you are filled with an inner flame!
It was a scroll of immolation.
Your bat closely misses the goblin.
The goblin hits you but does no damage. The gnoll barely misses you.
Unknown command.
It was a potion of mutation.
You feel extremely strange.
You feel the urge to shout. Fur sprouts all over your body.
You feel resistant to cold. The goblin hits you but does no damage.
The gnoll hits you with a +0 club.
You die...

###. ... .g>.. ...
#......# ##.. ## #.
#####..# ... .....
.##.##.hgJ.# .. #....
...#...g### #.##..≈≈
..#..b.# ..#..≈.
#^#....# #......
#.#....# ###.#..≈.
##......# ####......≈≈
#.......## #....#.#....
#.#.###..###.####.##...
#.#.####............#..


You could see a gnoll (inner flame, ally target), an endoplasm (inner flame), a
goblin (inner flame) and a friendly bat (summoned, inner flame).

Vanquished Creatures
  A dart slug (D:1)
  An endoplasm (D:1)
  A kobold (D:1)
3 creatures vanquished.

Notes
Turn   | Place    | Note
-------+----------+-------------------------------------------
     0 | D:1      | sheepcloth the Demonspawn Wanderer began the quest for the
                  | Orb.
     0 | D:1      | sheepcloth set off with the following items: a +0 spear, a
                  | +0 scale mail, a potion of might; and the following spell
                  | memorised: Summon Small Mammal; and the following spells
                  | available to memorise: Animate Armour, Summon Lightning
                  | Spire.
     0 | D:1      | Reached XP level 1. HP: 15/15 MP: 2/2
   184 | D:1      | Gained mutation: You occasionally shout uncontrollably at
                  | your foes. [potion of mutation]
   184 | D:1      | Gained mutation: You are covered in fur. (AC +1) [potion of
                  | mutation]
   184 | D:1      | Gained mutation: Your flesh is cold resistant. (rC+)
                  | [potion of mutation]
   184 | D:1      | Slain by a gnoll

Illustrated notes

Levels and vault maps discovered:
D:1:      mainiacjoe_arrival_oval_in_oval, layout_rooms, minmay_lizard_pond

Action                     || total
---------------------------++-------
  Melee: Spear             ||    15
   Cast: Summon Small Mamm ||     2
    Use: Scroll            ||     1
         Potion            ||     1
 Armour: Scale mail        ||    19
  Dodge: Dodged            ||    15
   Form: Beast             ||     1
